 Dungeon Crawl Stone Soup version 0.31-a0-1118-gbca3d03946 (webtiles) character file.

Game seed: 6444762548437777154

152 kae the Sneak (level 5, -3/37 HPs)
             Began as a Demonspawn Enchanter on Dec 4, 2023.
             Slain by an ice beast (10 damage)
             ... on level 5 of the Dungeon.
             The game lasted 00:03:10 (3806 turns).

kae the Sneak (Demonspawn Enchanter)                Turns: 3806, Time: 00:03:11

Health: -3/37      AC: 10    Str:  8    XL:     5   Next: 11%
Magic:  5/8        EV: 10    Int: 16    God:
Gold:   159        SH:  0    Dex: 15    Spells: 4/9 levels left

rFire   . . .        a - +2 dagger
rCold   . . .        (no shield)
rNeg    + . .        e - +0 ring mail
rPois   .            (no helmet)
rElec   .            w - +0 cloak
rCorr   .            d - +1 pair of gloves {hurl}
SInv    .            (no boots)
Will    .....        g - amulet of regeneration
Stlth   ++           N - ring of positive energy
HPRegen 1.06/turn    (no ring)
MPRegen 0.11/turn

%: no passive effects
@: no status effects
A: thin metallic scales 1, foul stench 1
a: no special abilities


You were on level 5 of the Dungeon.
You visited 2 branches of the dungeon, and saw 6 of its levels.

You collected 265 gold pieces.
You spent 106 gold pieces at shops.


Innate Abilities, Weirdness & Mutations

You are partially covered in thin metallic scales. (AC +2)
You may rarely emit foul miasma when damaged in melee.


   Skills:
 + Level 1.4 Fighting
 * Level 2.3 Short Blades
 + Level 0.7 Armour
 - Level 1.7 Dodging
 * Level 3.6 Stealth
 + Level 2.5 Spellcasting
 + Level 3.3 Hexes
 * Level 1.0 Ice Magic


You had 4 spell levels left.
You knew the following spells:

 Your Spells              Type           Power      Damage    Failure   Level
a - Ensorcelled Hibernat  Hex/Ice        16%        N/A       36%         2
b - Confusing Touch       Hex            12%        N/A       43%         3

Your spell library contained the following spells:

 Spells                   Type           Power      Damage    Failure   Level
 Tukima's Dance           Hex            12%        N/A       43%         3
 Passwall                 Tmut/Erth      1%         N/A       67%         2
 Dazzling Flash           Conj/Hex       14%        N/A       67%         3
 Swiftness                Air            2%         N/A       88%         3

Inventory:

Hand Weapons
 a - a +2 dagger (weapon)
Missiles
 j - 2 silver javelins
 l - 7 stones
 s - 6 poisoned darts
 u - 3 javelins
Armour
 b - a +0 robe
 d - a +1 pair of gloves of hurling (worn)
   (You found it on level 1 of the Dungeon)
 e - a +0 ring mail (worn)
   (You found it on level 1 of the Dungeon)
 w - a +0 cloak (worn)
   (You found it on level 4 of the Dungeon)
Jewellery
 g - an amulet of regeneration (around neck)
   (You found it on level 2 of the Dungeon)
 G - an amulet of guardian spirit
   (You found it on level 4 of the Dungeon)
 N - a ring of positive energy (left hand)
   (You found it on level 2 of the Dungeon)
 Z - a ring of wizardry
   (You found it on level 5 of the Dungeon)
Wands
 t - a wand of polymorph (4)
   (You took it off a hobgoblin on level 3 of the Dungeon)
Scrolls
 i - 4 scrolls of teleportation {@r4}
 v - a scroll of immolation {unknown}
 x - 2 scrolls of identify {@r1}
Potions
 c - 4 potions of invisibility
 f - 5 potions of curing {@q1}
 h - 2 potions of haste {@q3}
 k - 2 potions of degeneration {!q}
 m - 2 potions of might
 n - 3 potions of cancellation
 o - 2 potions of brilliance
 p - a potion of mutation {!q}
 q - a potion of magic
 r - 4 potions of heal wounds {@q2}

Dungeon Overview and Level Annotations

Branches:
Dungeon (5/15) Zot: 26227  Temple (1/1) D:5 Zot: 5997

Altars:
Cheibriados
Makhleb
Nemelex Xobeh
Okawaru
Uskayaw
Wu Jian
Xom
Yredelemnul

Shops:
D:2

?*? ###
#########.#...#......
....
.....bb.........⌠...
.......##...##......
..## ##.##..##... ..
#.#..# ... ... .⌠.
...


You could see an ice beast (confused).


Message History

Found a staircase back to the Dungeon.
There is a staircase back to the Dungeon here.
Search for what [Enter for "cloak", or ? for help]? dith Can't find anything matching that.
Okay, then.
Cast which spell? (? or * to list)
Your hands begin to glow red. 😎 MP[-3]
You lost 3 mp, and now have 5/8 mp.
You climb upwards.
Welcome back to the Dungeon!
There is a staircase to the Ecumenical Temple here.
You hit the ice beast but do no damage.
The ice beast hits you but does no damage.
You barely miss the ice beast.
The ice beast hits you but does no damage.
You barely miss the ice beast.
The ice beast hits you but does no damage.
You hit the ice beast but do no damage.
The ice beast hits you but does no damage. 😎 MP[+1]
You closely miss the ice beast. You closely miss the ice beast.
The ice beast hits you but does no damage.
Unknown command.
You closely miss the ice beast.
Your hands stop glowing.
The ice beast hits you. The ice beast freezes you.
You hit the ice beast but do no damage.
The ice beast hits you but does no damage. 😕 HP[-8]
You take 8 damage, and now have 29/37 hp.
MASSIVE DAMAGE!! (PAUSE)
You hit the ice beast but do no damage.
The ice beast barely misses you. 😕 HP[+1]
You closely miss the ice beast.
The ice beast closely misses you. 😕 HP[+1] Unknown command.
You closely miss the ice beast.
The ice beast hits you but does no damage. 😕 HP[+1]
You barely miss the ice beast.
The ice beast hits you but does no damage. 😕 HP[+1] Unknown command.
You hit the ice beast but do no damage. 😕 HP[+1] Unknown command.
You hit the ice beast.
The ice beast barely misses you. 😕 HP[+1]
You hit the ice beast but do no damage.
The ice beast barely misses you. 😕 HP[+1] MP[+1]
You hit the ice beast but do no damage.
The ice beast hits you but does no damage.
You hit the ice beast but do no damage. The ice beast hits you.
The ice beast freezes you! 😮 HP[-12]
You take 12 damage, and now have 24/37 hp.
MASSIVE DAMAGE!! (PAUSE)
Okay, then.
You barely miss the ice beast.
The ice beast barely misses you. 😮 HP[+1]
Casting: Confusing Touch (quite dangerous; 43% risk of failure)
Confirm with . or Enter, or press ? or * to list all spells.
Your hands begin to glow red.
The ice beast hits you but does no damage. 😮 HP[+1] MP[-3]
You lost 3 mp, and now have 4/8 mp.
You hit the ice beast but do no damage. The ice beast hits you.
The ice beast freezes you. 😮 HP[-6]
You take 6 damage, and now have 20/37 hp.
You hit the ice beast but do no damage.
The ice beast appears confused. 😮 HP[+1] Unknown command.
The ice beast hits you. The ice beast freezes you.
* * * LOW HITPOINT WARNING * * *
😨 HP[-7]
You take 7 damage, and now have 14/37 hp.
You barely miss the ice beast. 😨 HP[+1]
You hit the ice beast but do no damage. 😨 HP[+1] Unknown command.
The ice beast hits you.
* * * LOW HITPOINT WARNING * * *
The ice beast freezes you!
* * * LOW HITPOINT WARNING * * *
😱 HP[-11] MP[+1]
You take 11 damage, and now have 5/37 hp.
MASSIVE DAMAGE!! (PAUSE)
You barely miss the ice beast.
The ice beast hits you but does no damage. 😱 HP[+1]
You hit the ice beast. 😱 HP[+1] Unknown command.
You completely miss the ice beast. The ice beast hits you.
* * * LOW HITPOINT WARNING * * *
The ice beast freezes you!
You die...

Skill      XL: |  1  2  3  4 |
---------------+-------------+-----
Short Blades   | 1 2 |  2.3
Stealth        | 3 |  3.6
Fighting       | 1 |  1.4
Ice Magic      | 1 |  1.0
Armour         | |  0.7
Dodging        | |  1.7
Spellcasting   | |  2.5
Hexes          | |  3.3

Action                     |  1- 3 |  4- 6 || total
---------------------------+-------+-------++-------
  Melee: Dagger            |   210 |   145 ||   355
         Punch             |     1 |     1 ||     2
         Unarmed           |       |     5 ||     5
   Cast: Confusing Touch   |       |     2 ||     2
    Use: Scroll            |     4 |     9 ||    13
   Stab: Sleeping          |     5 |     2 ||     7
 Armour: Ring mail         |   116 |    72 ||   188
         Robe              |    10 |       ||    10
         Skin              |       |     1 ||     1
  Dodge: Dodged            |   113 |    65 ||   178

Levels and vault maps discovered:
D:1:      saegor_arrival_simple_d, layout_basic, serial_glass, glass_columns_a,
          glass_columns_a, item_on_display_a
D:2:      layout_loops_ring, serial_shops,
          nicolae_shop_competitors_out_of_business, shop, shop,
          kennysheep_generic_room_13
D:3:      layout_basic, minmay_misc_feat_tower, minivault_24,
          minmay_misc_feat_chi
D:4:      layout_basic, old_standard_altar
D:5:      layout_basic, nicolae_vehumet_altar_sigil, minmay_temple_entry_waves
Temple:   nicolae_temple_ecumenical_triangle

Notes
Turn   | Place    | Note
-------+----------+-------------------------------------------
     0 | D:1      | kae the Demonspawn Enchanter began the quest for the Orb.
     0 | D:1      | Reached XP level 1. HP: 13/13 MP: 3/3
     0 | D:1      | magus.rc [v1.11.3]
    57 | D:1      | Reached skill level 1 in Short Blades
   136 | D:1      | HP: 3/13 [kobold/+0 short sword (2)]
   257 | D:1      | Gained mutation: You may rarely emit foul miasma when
                  | damaged in melee. [demonic ancestry]
   257 | D:1      | Reached XP level 2. HP: 8/20 MP: 5/5
   268 | D:1      | HP: 4/20 [goblin/+0 club (2)]
   275 | D:1      | HP: 5/20 [jackal (1)]
   284 | D:1      | HP: 5/20 [jackal (1)]
   293 | D:1      | HP: 5/20 [dart slug (2)]
   298 | D:1      | Reached skill level 3 in Stealth
   450 | D:1      | Learned a level 2 spell: Ensorcelled Hibernation
   711 | D:1      | You fall into a shaft and drop 1 floor!
   714 | D:2      | Found Ycyn's Magic Scroll Boutique.
   732 | D:2      | Bought a scroll of identify for 28 gold pieces
   743 | D:2      | Found Nuoc's Magic Scroll Emporium.
   752 | D:2      | Bought a scroll of teleportation for 30 gold pieces
   752 | D:2      | Bought a scroll of identify for 20 gold pieces
   789 | D:2      | HP: 5/20 [poisoned by an adder]
   790 | D:2      | Gained mutation: You are partially covered in thin metallic
                  | scales. (AC +2) [demonic ancestry]
   790 | D:2      | Reached XP level 3. HP: 6/25 MP: 6/6
  1146 | D:2      | Reached skill level 1 in Fighting
  1809 | D:2      | Found Icogap's Assorted Antiques.
  1814 | D:2      | Bought a black potion for 28 gold pieces
  2010 | D:3      | You pick up a book of Burglary and begin reading...
  2010 | D:3      | You add the spells Passwall and Swiftness to your library.
  2117 | D:3      | Identified the +5 sling of Crusades {freeze, rF++ Dex+3}
  2256 | D:3      | Reached XP level 4. HP: 22/32 MP: 7/7
  2363 | D:3      | Reached skill level 2 in Short Blades
  2845 | D:3      | Learned a level 3 spell: Confusing Touch
  3695 | D:5      | Entered Level 5 of the Dungeon
  3739 | D:5      | Reached skill level 1 in Ice Magic
  3739 | D:5      | Reached XP level 5. HP: 23/37 MP: 8/8
  3758 | D:5      | Found a staircase to the Ecumenical Temple.
  3765 | D:5      | Noticed an ice beast
  3773 | Temple   | Entered the Ecumenical Temple
  3803 | D:5      | HP: 5/37 [ice beast (10)]
  3806 | D:5      | Slain by an ice beast

Vanquished Creatures
  A sleepcap (D:5)
  4 adders
  2 worms (D:3)
  2 dart slugs
  9 orcs
  6 bats
  7 endoplasms
  A giant cockroach (D:2)
  5 goblins
  5 hobgoblins
  4 jackals (D:1)
  2 quokkas
  9 ball pythons
  2 frilled lizards (D:1)
  3 kobolds
  7 rats
69 creatures vanquished.

Table legend:
 A = Non-vault XP
 B = Vault XP
 C = Vault XP percentage of total XP
 D = Non-vault monster count
 E = Vault monster count
 F = Vault count percentage of total count
                 A         B        C        D         E       F
            +---------+---------+-------+---------+---------+-------
      Total |     217 |       1 |   0.5 |      68 |       1 |   1.4
            +---------+---------+-------+---------+---------+-------
        D:1 |      40 |       0 |   0.0 |      24 |       0 |   0.0
        D:2 |      36 |       1 |   2.7 |      14 |       1 |   6.7
        D:3 |      62 |       0 |   0.0 |      19 |       0 |   0.0
        D:4 |      30 |       0 |   0.0 |       9 |       0 |   0.0
        D:5 |      49 |       0 |   0.0 |       2 |       0 |   0.0
            +---------+---------+-------+---------+---------+-------

Skill      XL: |  1  2  3  4 |
---------------+-------------+-----
Short Blades   | 1 2 |  2.3
Stealth        | 3 |  3.6
Fighting       | 1 |  1.4
Ice Magic      | 1 |  1.0
Armour         | |  0.7
Dodging        | |  1.7
Spellcasting   | |  2.5
Hexes          | |  3.3

Action                     |  1- 3 |  4- 6 || total
---------------------------+-------+-------++-------
  Melee: Dagger            |   210 |   145 ||   355
         Punch             |     1 |     1 ||     2
         Unarmed           |       |     5 ||     5
   Cast: Confusing Touch   |       |     2 ||     2
    Use: Scroll            |     4 |     9 ||    13
   Stab: Sleeping          |     5 |     2 ||     7
 Armour: Ring mail         |   116 |    72 ||   188
         Robe              |    10 |       ||    10
         Skin              |       |     1 ||     1
  Dodge: Dodged            |   113 |    65 ||   178

Illustrated notes

Table legend:
 A = Kills in this place as a percentage of kills in the entire game.
 B = Kills by you in this place as a percentage of kills by you in the entire game.
 C = Kills by friends in this place as a percentage of kills by friends in the entire game.
 D = Other kills in this place as a percentage of other kills in the entire game.
 E = Experience gained in this place as a percentage of experience gained in the entire game.
 F = Experience gained in this place divided by the number of levels of this place that you have seen.
                   A       B       C       D       E      F
               +-------+-------+-------+-------+-------+----------------------
         Total | 100.0 | 100.0 |   N/A |   N/A | 100.0 |  36.3
       Dungeon | 100.0 | 100.0 |   N/A |   N/A | 100.0 |  43.6
               +-------+-------+-------+-------+-------+----------------------

Table legend: (Time is in decaauts)
 A = Elapsed time spent in this place.
 B = Non-inter-level travel time spent in this place.
 C = Inter-level travel time spent in this place.
 D = Time resting spent in this place.
 E = Time spent auto-exploring this place.
 F = Levels seen in this place.
 G = Mean time per level.
                   A        B        C        D        E       F      G
               +--------+--------+--------+--------+--------+-----+--------+
         Total |   3774 |   3531 |    243 |     57 |   2754 |   6 |  629.0 |
       Dungeon |   3771 |   3528 |    243 |     57 |   2754 |   5 |  754.2 |
        Temple |      2 |      2 |      0 |      0 |      0 |   1 |    2.0 |
               +--------+--------+--------+--------+--------+-----+--------+

Top non-repeatable levels by time:
     D:1: 1158 daAuts
     D:3: 852 daAuts
     D:2: 829 daAuts
     D:4: 828 daAuts
     D:5: 103 daAuts
  Temple: 2 daAuts
